 Dungeon Crawl Stone Soup version 0.19.5 (webtiles) character file.

31290 Peloso the Peltast (level 13, -1/116 HPs)
             Began as a Minotaur Fighter on Apr 28, 2017.
             Was a High Priest of Okawaru.
             Slain by a blink frog (8 damage)
             ... on level 6 of the Lair of Beasts.
             The game lasted 00:41:29 (16682 turns).

Peloso the Peltast (Minotaur Fighter)              Turns: 16682, Time: 00:41:30

Health: -1/116     AC: 18    Str: 23    XL:     13   Next: 25%
Magic:  12/12      EV:  9    Int:  5    God:    Okawaru [*****.]
Gold:   790        SH: 18    Dex: 13    Spells: 0 memorised, 12 levels left

rFire  + . .     SeeInvis .     g - +0 falchion (protect)
rCold  . . .     Gourm    .     V - +0 plate armour
rNeg   . . .     Faith    .     c - +0 shield
rPois  .         Spirit   .     (helmet restricted)
rElec  .         Reflect  +     m - +0 cloak {MR+}
rCorr  .         Harm     .     M - +0 pair of gloves
MR     +....                    (no boots)
Stlth  ..........               h - +4 amulet of reflection
                                e - ring of flight
                                a - ring of protection from fire

@: slowed, very slow
A: retaliatory headbutt, horns 2
a: Heroism, Finesse, Renounce Religion, Evoke Flight


You were on level 6 of the Lair of Beasts.
You worshipped Okawaru.
Okawaru was extremely pleased with you.
You were hungry.

You visited 3 branches of the dungeon, and saw 17 of its levels.
You also visited: Ossuary.

You collected 790 gold pieces.

Inventory:

Hand Weapons
 g - a +0 falchion of protection (weapon)
 R - a +0 whip of flaming
 T - a +2 long sword
Armour
 c - a +0 shield (worn)
 m - a +0 cloak of magic resistance (worn)
 M - a +0 pair of gloves (worn)
 V - a +0 plate armour (worn)
Jewellery
 a - a ring of protection from fire (left hand)
 e - a ring of flight (right hand)
 h - a +4 amulet of reflection (around neck)
 q - an uncursed ring of poison resistance
 H - an uncursed ring of see invisible
 L - an uncursed ring of protection from cold {unknown}
 O - a +1 ring of protection
Wands
 k - a wand of flame (2/48)
 l - a wand of lightning (4/15)
 z - a wand of acid (14/15)
 G - a wand of disintegration (6/24)
Scrolls
 i - 4 scrolls of teleportation {unknown}
 s - a scroll of fog {unknown}
 t - 5 scrolls of remove curse {unknown}
 v - 4 scrolls of blinking {unknown}
 w - 3 scrolls of enchant armour {unknown}
 x - 2 scrolls of immolation {unknown}
 y - 2 scrolls of magic mapping {unknown}
 C - 4 scrolls of amnesia {unknown}
 D - 4 scrolls of enchant weapon {unknown}
 J - 2 scrolls of random uselessness {unknown}
 P - a scroll of acquirement {unknown}
 Q - a scroll of fear {unknown}
 Y - a scroll of brand weapon {unknown}
Potions
 d - 2 potions of might
 o - a potion of berserk rage
 p - a potion of flight
 u - 3 potions of degeneration
 A - 3 potions of invisibility {unknown}
 E - 3 potions of heal wounds {unknown}
 F - a potion of haste {unknown}
 I - 3 potions of ambrosia {unknown}
Comestibles
 b - 24 fruits
 f - 9 bread rations
 j - 5 meat rations
 n - 3 beef jerkies
 B - a royal jelly
 K - 4 chunks of flesh


   Skills:
 + Level 11.2 Fighting
 + Level 14.7 Long Blades
 + Level 0.8 Maces & Flails
 + Level 11.7 Armour
 + Level 4.9 Dodging
 + Level 1.5 Stealth
 + Level 15.0 Shields
 + Level 1.1 Invocations
 + Level 0.3 Evocations


You had 12 spell levels left.
You didn't know any spells.

Dungeon Overview and Level Annotations

Branches:
Dungeon (10/15)            Temple (1/1) D:5            Lair (6/6) D:8
  Swamp (0/4) Lair:4        Snake (0/4) Lair:2        Slime (0/5) Lair:5
    Orc: D:9-12

Altars:
Ashenzari
Cheibriados
Dithmenos
Elyvilon
Fedhas
Gozag
Hepliaklqana
Kikubaaqudgha
Makhleb
Nemelex Xobeh
Okawaru
Qazlal
Ru
Sif Muna
Trog
Uskayaw
Vehumet
Xom
Yredelemnul
Zin
The Shining One
Jiyva

Shops:
D:6 (

Annotations:
D:10 toffzen's ghost, journeyman DrIE


Innate Abilities, Weirdness & Mutations

You reflexively headbutt those who attack you in melee.
You have a pair of horns on your head.


Message History

The blink frog hits you but does no damage.
The blink frog closely misses you.
You see here a wolf corpse.
A crocodile comes into view.
The blink frog hits you but does no damage. x2
The blink frog blinks!
You block the blink frog's attack. The blink frog hits you.
* * * LOW HITPOINT WARNING * * *
The blink frog blinks!
You block the blink frog's attack.
The blink frog blinks!
You block the crocodile's attack.
The crocodile bites you but does no damage.
A water moccasin comes into view.
The water moccasin hisses angrily.
The blink frog barely misses you. You block the crocodile's attack.
The blink frog hits you but does no damage.
The blink frog blinks!
The blink frog hits you.
* * * LOW HITPOINT WARNING * * *
The blink frog blinks!
You block the crocodile's attack. The blink frog hits you!
You die...

..................8.............
.......................8........
................8...............
................................
...............................
..........................
.......................
.......F...............
.......@.S........(....
#P.....................
#####.§t............#.# ..
###.Fw##..P.......### ...F..
#.F..##.####......# ...P.
....##..##..##.#.....# ..... ...
#P...†#.....#....# #. ..... .
##..†............#... ....##
##....#..####........


You could see a torpor snail, 3 blink frogs, a water moccasin and a crocodile.

Vanquished Creatures
  A hydra (Lair:2)
  3 catoblepae
  Nergalle (Lair:3)
  A hill giant (D:10)
  Pikel (D:9)
  A black mamba (Lair:5)
  7 elephants
  12 spiny frogs
  6 komodo dragons
  3 rime drakes
  3 slime creatures (D:8)
  A hornet (D:9)
  16 blink frogs
  Prince Ribbit (D:8)
  7 hippogriffs
  Sigmund (D:2)
  A spriggan (D:7)
  2 wyverns
  29 yaks
  5 basilisks
  2 hungry ghosts
  Menkaure (D:7)
  Edmund (D:6)
  2 nagas (Lair:2)
  5 water moccasins
  2 ice beasts
  5 porcupines
  An orc warrior (D:9)
  A hornet zombie (D:10)
  2 sky beasts
  2 ogres
  A black bear (D:7)
  A phantom (D:8)
  10 wolves
  4 centaurs
  13 crocodiles
  A big kobold (D:8)
  18 bullfrogs
  5 scorpions
  5 wights (D:9)
  3 killer bees (D:9)
  3 howler monkeys (D:7)
  6 centaur zombies
  A bullfrog zombie (D:6)
  4 crimson imps
  4 hounds
  An orc priest (D:8)
  3 bullfrog skeletons
  2 centaur skeletons
  A gnoll shaman (D:5)
  3 jellies
  Crazy Yiuf (D:6)
  Jessica (D:3)
  4 iguanas
  5 orc wizards
  Natasha (thrice) (D:2)
  4 worker ants
  3 big kobold zombies (Ossuary)
  A hound skeleton (D:4)
  5 mummies
  2 worker ant zombies
  8 gnolls
  7 adders
  An ooze (D:4)
  An adder zombie (D:6)
  2 adder skeletons
  2 worms (D:2)
  3 dart slugs
  3 leopard geckos
  22 orcs
  2 ball pythons
  5 bats
  5 giant cockroaches
  10 goblins
  7 hobgoblins
  2 jackals (D:4)
  2 quokkas
  3 frilled lizards
  2 giant cockroach zombies
  2 hobgoblin zombies (Ossuary)
  9 kobolds
  4 leopard gecko skeletons
  A leopard gecko zombie (D:5)
  A quokka skeleton (D:8)
  A quokka zombie (D:8)
  9 rats
  3 fungi (Lair:1)
  2 plants
363 creatures vanquished.

Vanquished Creatures (others)
  2 slaves (D:9)
  An orc wizard (D:9)
  An orc (D:9)
  4 fungi
  6 plants
14 creatures vanquished.

Grand Total: 377 creatures vanquished

Notes
Turn   | Place    | Note
-------+----------+-------------------------------------------
     0 | D:1      | Peloso the Minotaur Fighter began the quest for the Orb.
     0 | D:1      | Reached XP level 1. HP: 19/19 MP: 0/0
    33 | D:1      | Reached XP level 2. HP: 25/27 MP: 1/1
   123 | D:1      | Reached skill level 4 in Shields
   148 | D:1      | Reached XP level 3. HP: 33/33 MP: 2/2
   448 | D:2      | Noticed Natasha
   457 | D:2      | Killed Natasha
   606 | D:3      | Reached XP level 4. HP: 36/41 MP: 3/3
   655 | D:3      | Noticed Jessica
   660 | D:2      | Noticed Natasha
   671 | D:2      | Killed Natasha
   688 | D:2      | Noticed Natasha
   701 | D:2      | Killed Natasha
   701 | D:2      | Reached skill level 5 in Shields
   701 | D:2      | Reached XP level 5. HP: 19/47 MP: 4/4
  1000 | D:2      | Noticed Sigmund
  1011 | D:2      | Killed Sigmund
  1011 | D:2      | Reached XP level 6. HP: 16/55 MP: 5/5
  1440 | D:3      | Killed Jessica
  1440 | D:3      | Reached skill level 5 in Long Blades
  2195 | D:4      | Reached skill level 1 in Dodging
  2199 | D:4      | Reached skill level 5 in Fighting
  2226 | D:4      | Reached skill level 5 in Armour
  2344 | D:4      | Reached skill level 6 in Shields
  2364 | D:4      | Reached XP level 7. HP: 47/61 MP: 6/6
  2541 | D:5      | Entered Level 5 of the Dungeon
  2696 | D:5      | Reached XP level 8. HP: 23/70 MP: 7/7
  2956 | D:5      | Reached skill level 7 in Shields
  3003 | D:5      | Found a basalt altar of Yredelemnul.
  3074 | D:5      | Found a staircase to the Ecumenical Temple.
  3156 | Temple   | Entered the Ecumenical Temple
  3444 | D:5      | Found an ancient bone altar of Kikubaaqudgha.
  3464 | D:5      | Found a shadowy altar of Dithmenos.
  3481 | D:5      | Found a hide-covered altar of Uskayaw.
  3500 | D:5      | Found a blossoming altar of Fedhas.
  3586 | D:5      | Found a white marble altar of Elyvilon.
  3695 | D:6      | Noticed Edmund
  3725 | D:6      | Killed Edmund
  3725 | D:6      | Reached skill level 1 in Stealth
  3915 | D:6      | Found a radiant altar of Vehumet.
  4017 | D:6      | Found a runed door.
  4070 | D:6      | Found Ynwucuri's Weapon Shop.
  4122 | D:6      | Found a glowing silver altar of Zin.
  4262 | D:6      | Found a faded altar of an unknown god.
  4262 | D:6      | Found a faded altar of an unknown god.
  4268 | D:6      | Found a faded altar of an unknown god.
  4270 | D:6      | Found an iron altar of Okawaru.
  4272 | D:6      | Found a faded altar of an unknown god.
  4281 | D:6      | Became a worshipper of Warmaster Okawaru
  4336 | D:6      | Reached skill level 8 in Shields
  4474 | D:6      | Noticed Crazy Yiuf
  4482 | D:6      | Killed Crazy Yiuf
  4594 | D:7      | Reached XP level 9. HP: 78/78 MP: 8/8
  4608 | D:7      | Noticed Menkaure
  4614 | D:7      | Killed Menkaure
  4786 | D:7      | Found a sand-covered staircase.
  4794 | Ossuary  | Entered an ossuary
  5391 | D:7      | Reached * piety under Okawaru
  5620 | D:7      | Reached skill level 9 in Shields
  5906 | D:8      | Reached skill level 10 in Long Blades
  5921 | D:8      | Noticed Prince Ribbit
  5949 | D:8      | Killed Prince Ribbit
  6102 | D:8      | Found a staircase to the Lair.
  6102 | D:8      | Noticed an elephant
  6147 | D:8      | Killed an elephant
  6147 | D:8      | Reached ** piety under Okawaru
  6283 | D:8      | Reached XP level 10. HP: 84/86 MP: 9/9
  6543 | D:8      | Reached skill level 10 in Shields
  7249 | D:8      | HP: 2/88 [slime creature (11)]
  7255 | D:8      | Reached *** piety under Okawaru
  7978 | D:9      | Noticed Pikel
  7992 | D:9      | Killed Pikel
  8295 | D:9      | Reached **** piety under Okawaru
  8592 | D:10     | Entered Level 10 of the Dungeon
  8610 | D:10     | Noticed a hill giant
  8623 | D:10     | Killed a hill giant
  8623 | D:10     | Reached skill level 11 in Shields
  8779 | D:10     | Noticed toffzen's ghost (journeyman DrIE)
  9226 | Lair:1   | Entered Level 1 of the Lair of Beasts
  9237 | Lair:1   | Reached XP level 11. HP: 67/95 MP: 10/10
  9673 | Lair:1   | Reached ***** piety under Okawaru
  9848 | Lair:1   | Reached skill level 12 in Shields
 10281 | Lair:2   | Found a staircase to the Snake Pit.
 10585 | Lair:2   | Noticed a catoblepas
 10620 | Lair:2   | Killed a catoblepas
 10620 | Lair:2   | Received a gift from Okawaru
 11173 | Lair:2   | Noticed a six-headed hydra
 11192 | Lair:2   | Killed a six-headed hydra
 11842 | Lair:2   | Noticed an eight-headed hydra
 11879 | Lair:2   | Received a gift from Okawaru
 12291 | Lair:3   | Reached skill level 10 in Armour
 12378 | Lair:3   | Reached skill level 13 in Shields
 12386 | Lair:3   | Reached XP level 12. HP: 11/105 MP: 11/11
 12398 | Lair:3   | Received a gift from Okawaru
 12400 | Lair:3   | HP: 5/106 [blink frog (7)]
 12842 | Lair:3   | Reached skill level 10 in Fighting
 13019 | Lair:3   | Reached ****** piety under Okawaru
 13388 | Lair:3   | Noticed Nergalle
 13415 | Lair:3   | Killed Nergalle
 13793 | Lair:4   | Received a gift from Okawaru
 13893 | Lair:4   | Reached skill level 14 in Shields
 14292 | Lair:4   | Found a staircase to the Swamp.
 15231 | Lair:5   | Reached XP level 13. HP: 90/116 MP: 12/12
 15282 | Lair:5   | Found a staircase to the Slime Pits.
 15282 | Lair:5   | Found a viscous altar of Jiyva.
 15302 | Lair:5   | Found a burning altar of Makhleb.
 15993 | Lair:6   | Entered Level 6 of the Lair of Beasts
 16315 | Lair:6   | Reached skill level 1 in Invocations
 16649 | Lair:6   | Reached skill level 15 in Shields
 16655 | Lair:6   | HP: 5/116 [torpor snail (12)]
 16682 | Lair:6   | Slain by a blink frog

Skill      XL: |  1  2  3  4  5  6  7  8  9 10 11 12 13 |
---------------+----------------------------------------+-----
Shields        | 4 5 6 8 9 11 13 14 15 | 15.0
Fighting       | 4 5 6 7 8 9 11 | 11.2
Armour         | 4 5 6 7 8 10 11 | 11.7
Long Blades    | 3 4 5 6 8 10 12 13 14 | 14.7
Dodging        | 1 2 3 4 |  4.9
Stealth        | 1 |  1.5
Invocations    | 1 |  1.1
Maces & Flails | |  0.8
Evocations     | |  0.3

Action                   |  1- 3 |  4- 6 |  7- 9 | 10-12 | 13-15 || total
-------------------------+-------+-------+-------+-------+-------++-------
Melee: Long sword        |    59 |   146 |   400 |  1012 |    13 ||  1630
       Headbutt          |     6 |    38 |   100 |   277 |    67 ||   488
       Whip              |       |       |       |    14 |       ||    14
       Falchion          |       |       |       |       |   219 ||   219
Invok: Heroism           |       |       |       |     6 |     4 ||    10
Evoke: Wand              |       |     2 |     8 |     3 |       ||    13
  Use: Scroll            |     1 |       |     4 |     1 |       ||     6
       Potion            |       |     2 |     1 |     4 |     1 ||     8
  Eat: Chunk             |       |     5 |    13 |    28 |     5 ||    51
       Fruit             |       |       |       |     3 |       ||     3
Armor: Scale mail        |    38 |    43 |    40 |       |       ||   121
       Chain mail        |       |       |    45 |    53 |       ||    98
       Plate armour      |       |       |       |   221 |    82 ||   303
Dodge: Dodged            |    21 |    40 |    70 |   183 |    49 ||   363
Block: Shield            |    42 |   110 |   277 |   690 |   159 ||  1278
       Reflection        |     1 |     5 |     7 |     5 |       ||    18
       Rpst.: Long sword |     7 |    16 |    32 |    48 |     1 ||   104
       Falchion          |       |       |       |       |    12 ||    12
